 Dungeon Crawl Stone Soup version 0.24.1-14-gf8d2b509d9 (webtiles) character file.

Game seed: 2902261522638721649, levelgen mode: deterministic

49 Hugehornet the Cudgeler (level 3, 0/36 HPs)
             Began as a Troll Fighter on May 22, 2020.
             Slain by a goblin
             ... wielding a +0 club
             ... led by Robin
              (3 damage)
             ... on level 3 of the Dungeon.
             The game lasted 00:02:56 (1539 turns).

Hugehornet the Cudgeler (Troll Fighter)             Turns: 1539, Time: 00:02:57

Health: 0/36       AC:  8    Str: 24    XL:     3   Next: 51%
Magic:  0/2        EV:  7    Int:  5    God:
Gold:   159        SH:  8    Dex:  9    Spells: 2/2 levels left

rFire    . . .     SeeInvis .   a - +0 flail
rCold    + . .     Gourm    +   c - +0 shield
rNeg     . . .     Faith    .   b - +0 robe
rPois    .         Spirit   +   (helmet restricted)
rElec    .         Reflect  .   (no cloak)
rCorr    .         Harm     .   (gloves unavailable)
MR       .....                  (boots unavailable)
Stlth    +.........             r - amulet of guardian spirit
HPRegen  0.52/turn              h - ring of protection from cold
MPRegen  0.08/turn              p - +2 ring of protection

@: hasted, heavily drained, very quick
A: large, unfitting armour, claws 3, fast metabolism 3, gourmand, regeneration
1, shaggy fur 1, tough skin 3
a: no special abilities


You were on level 3 of the Dungeon.
You were very hungry.

You visited 1 branch of the dungeon, and saw 3 of its levels.

You collected 159 gold pieces.

Inventory:

Hand Weapons
 a - a +0 flail (weapon)
Missiles
 t - 22 stones (quivered)
Armour
 b - a +0 robe (worn)
 c - a +0 shield (worn)
Jewellery
 h - a ring of protection from cold (left claw)
 n - an uncursed amulet of harm
 p - a +2 ring of protection (right claw)
 r - an amulet of guardian spirit (around neck)
Scrolls
 e - 2 scrolls of amnesia {unknown}
 i - 2 scrolls of teleportation {unknown}
 j - a scroll of identify {unknown}
 q - a scroll of enchant armour {unknown}
 u - 2 scrolls of blinking {unknown}
Potions
 d - a potion of might
 g - a potion of lignification {unknown}
 k - a potion of berserk rage {unknown}
 l - a potion of magic {unknown}
 o - a potion of curing {unknown}
 s - a potion of degeneration {unknown}
Comestibles
 f - 4 rations


   Skills:
 - Level 2.4(1.2) Fighting
 + Level 3.6(2.4) Maces & Flails
 - Level 2.4(1.2) Dodging
 - Level 2.4(1.2) Shields


You had 2 spell levels left.
You didn't know any spells.
Your spell library was empty.

Dungeon Overview and Level Annotations

Branches:
Dungeon (3/15)

Altars:
Hepliaklqana


Innate Abilities, Weirdness & Mutations

You are too large for most types of armour.
You have claws for hands.
Your metabolism is lightning-fast.
You like to eat raw meat.
Your natural rate of healing is unusually fast.
You are covered in fur. (AC +1)
You have extremely tough skin. (AC +3)


Message History

You miss the goblin. The goblin barely misses you.
The kobold closely misses you. You block the goblin's attack.
The goblin hits you but does no damage. x2; The kobold closely misses you.
You block the goblin's attack. The goblin barely misses you.
The goblin hits you but does no damage. The goblin barely misses you.
Your shield prevents you from hitting the goblin.
The goblin hits you but does no damage. You block the kobold's attack.
The goblin closely misses you. The goblin hits you but does no damage.
The goblin barely misses you. The goblin closely misses you.
The orc priest invokes the aid of Beogh against you.
Beogh smites you!
* * * LOW HITPOINT WARNING * * *
The goblin barely misses you.
You can't go up here!
Unknown command.
You feel yourself speed up. The kobold hits you but does no damage.
The goblin hits you.
* * * LOW HITPOINT WARNING * * *
The goblin hits you with a +0 club.
You die...

. ...
#.#########...$.
#.....gggogg....
##..gg@###.....
#..SKg# ###
####.oo #.g..
#.?... #......
#.......
#........


You could see an orc priest, an adder, 2 orcs, 9 goblins and a kobold.

Vanquished Creatures
  Robin (D:3)
  An adder (D:2)
  2 dart slugs (D:1)
  2 leopard geckos (D:2)
  An orc (D:3)
  5 goblins
  2 hobgoblins (D:1)
  A quokka (D:2)
  3 bats
  A kobold (D:1)
  5 rats
24 creatures vanquished.

Notes
Turn   | Place    | Note
-------+----------+-------------------------------------------
     0 | D:1      | Hugehornet the Troll Fighter began the quest for the Orb.
     0 | D:1      | Reached XP level 1. HP: 22/22 MP: 0/0
   258 | D:1      | Reached skill level 2 in Maces & Flails
   498 | D:1      | Reached XP level 2. HP: 29/29 MP: 1/1
  1084 | D:2      | Reached skill level 3 in Maces & Flails
  1084 | D:2      | Reached XP level 3. HP: 21/36 MP: 2/2
  1416 | D:2      | Found a hazy altar of Hepliaklqana.
  1518 | D:3      | Noticed Robin
  1529 | D:3      | Killed Robin
  1539 | D:3      | Slain by a goblin

Levels and vault maps discovered:
D:1:      lemuel_arrival_funnel, layout_loops_ring
D:2:      layout_loops_ring, nicolae_overflow_hidden_temple, first_ration
D:3:      minmay_bubble_buster, layout_basic, fedhas_altar_3,
          serial_bayou_lake_a, uniq_robin

Skill      XL: |  1  2 |
---------------+-------+-----
Maces & Flails | 2 3 |  3.6
Fighting       | |  2.4
Dodging        | |  2.4
Shields        | |  2.4

Action                   || total
-------------------------++-------
Melee: Flail             ||   113
  Use: Potion            ||     1
 Stab: Sleeping          ||     1
  Eat: Chunk             ||     7
       Ration            ||     1
Armor: Robe              ||    82
Dodge: Dodged            ||    56
Block: Shield            ||    75
